 Dungeon Crawl Stone Soup version 0.27-a0-67-g4bfc8a49e1 (webtiles) character file.

Game seed: 6764059623022039096

59042 timneilson the Blocker (level 14, 0/87 HPs)
             Began as a Gargoyle Fighter on Jan 10, 2021.
             Was a High Priest of Okawaru.
             Slain by an orc knight
             ... wielding a +2 bardiche of freezing
              (29 damage)
             ... on level 2 of the Orcish Mines.
             The game lasted 00:46:37 (21688 turns).

timneilson the Blocker (Gargoyle Fighter)          Turns: 21688, Time: 00:46:41

Health: 0/87       AC: 44    Str: 30    XL:     14   Next: 93%
Magic:  20/20      EV: 11    Int: 10    God:    Okawaru [*****.]
Gold:   1481       SH: 23    Dex:  9    Spells: 13/13 levels left

rFire    . . .     SeeInvis .   I - +2 double sword (vorpal)
rCold    + . .     Faith    .   o - +0 tower shield
rNeg     + . .     Spirit   .   c - +2 crystal plate armour
rPois    ∞         Reflect  .   O - +1 hat "Hipeonga" {rElec Will+}
rElec    +         Harm     .   u - +0 cloak
rCorr    .         Rampage  .   l - +0 pair of gloves
Will     ++...                  K - +0 pair of boots
Stlth    ..........             (no amulet)
HPRegen  0.24/turn              L - ring of protection from cold
MPRegen  0.17/turn              q - +6 ring of strength

@: liquid flames, heroism, glowing, studying Dodging
A: big wings, negative energy resistance 1, electricity resistance, unbreathing,
petrification resistance, miasma immunity, AC +10
a: Fly, Renounce Religion, Heroism, Finesse


You were on level 2 of the Orcish Mines.
You worshipped Okawaru.
Okawaru was extremely pleased with you.
You visited 3 branches of the dungeon, and saw 19 of its levels.

You collected 1481 gold pieces.

Inventory:

Hand Weapons
 v - a +0 scimitar
 y - a +4 scimitar of flaming
 I - a +2 vorpal double sword (weapon)
Armour
 c - a +2 crystal plate armour (worn)
 l - a +0 pair of gloves (worn)
 o - a +0 tower shield (worn)
 u - a +0 cloak (worn)
 K - a +0 pair of boots (worn)
 O - the +1 hat "Hipeonga" (worn) {rElec Will+}
   (Okawaru gifted it to you on level 4 of the Lair of Beasts)

   It insulates you from electricity.
   It affects your willpower, your defense against some magical effects.
Jewellery
 q - a +6 ring of strength (right hand)
 G - an uncursed ring of see invisible
 L - a ring of protection from cold (left hand)
Wands
 g - a wand of enslavement (3)
 p - a wand of acid (18)
 r - a wand of random effects (16)
 B - a wand of flame (26)
 D - a wand of polymorph (6)
 F - a wand of disintegration (15)
 J - a wand of paralysis (5)
 M - a wand of digging (6)
Scrolls
 h - 4 scrolls of magic mapping
 k - 5 scrolls of teleportation
 n - 5 scrolls of enchant armour
 s - 8 scrolls of remove curse
 t - 5 scrolls of fear
 E - a scroll of amnesia
 H - a scroll of fog
 N - 4 scrolls of identify
Potions
 d - 7 potions of might
 e - a potion of attraction
 f - 6 potions of brilliance
 i - 2 potions of lignification
 j - a potion of haste
 m - a potion of heal wounds
 w - 7 potions of curing
 x - 2 potions of mutation
 z - a potion of cancellation
 A - a potion of berserk rage
Books
 b - a manual of Dodging


   Skills:
 + Level 9.9(14.9) Fighting
 * Level 11.1(16.1) Long Blades
 * Level 13.1(18.1) Armour
 + Level 8.7(13.7) Dodging
 * Level 13.1(18.1) Shields
 + Level 9.0 Invocations
 + Level 7.4 Evocations


You had 13 spell levels left.
You didn't know any spells.
Your spell library contained the following spells:

 Spells                   Type           Power        Failure   Level
 Animate Skeleton         Necr           0%           100%        1
 Apportation              Tloc           0%           100%        1
 Corona                   Hex            0%           100%        1
 Summon Small Mammal      Summ           0%           100%        1
 Poisonous Vapours        Pois/Air       0%           100%        2
 Conjure Flame            Conj/Fire      0%           100%        3
 Mephitic Cloud           Conj/Pois/Air  0%           100%        3
 Freezing Cloud           Conj/Ice/Air   0%           100%        6


Dungeon Overview and Level Annotations

Branches:
Dungeon (11/15)            Temple (0/1) D:4            Lair (6/6) D:9
 Shoals (0/4) Lair:3       Spider (0/4) Lair:4        Slime (0/5) Lair:5
    Orc (2/2) D:11
    Elf: Orc:2

Altars:
Ashenzari
Cheibriados
Dithmenos
Fedhas
Makhleb
Nemelex Xobeh
Okawaru
Qazlal
Sif Muna
Uskayaw
Yredelemnul
Zin
The Shining One
Beogh
Jiyva

Shops:
D:4 *   D:7 !   D:9 *   D:10 (

Annotations:
D:8 1 runed translucent door
Lair:5 exclusion: orange crystal statue


Innate Abilities, Weirdness & Mutations

You are resistant to torment.
Your stone body is resilient. (AC +10)
You are immune to poison.
Your large and strong wings let you fly indefinitely.
You resist negative energy. (rN+)
You are resistant to electric shocks. (rElec)
You can survive without breathing.
You are immune to petrification.
You are immune to miasma.


Message History

You block the orc knight's attack.
Your Invocations skill increases to level 9!
You hit the orc knight but do no damage.
You are covered in liquid flames!
You hit the orc knight but do no damage.
You are covered in liquid flames!
You block the orc knight's attack.
You barely miss the orc knight.
You are covered in liquid flames!
You slash the orc knight!
The orc knight is lightly wounded.
You are covered in liquid flames!
The orc knight hits you but does no damage.
You slash the orc knight!
The orc knight is heavily wounded.
You are covered in liquid flames!
You block the orc knight's attack.
An orc high priest comes into view. It is wielding a -2 battleaxe.
The orc knight hits you with a +2 bardiche of freezing!!
You die...

.
.....###))...##
##..).....#
###..))....##
##....)....##
##..).......#
##...).#######
#....### #.))##
#.)@# ##.oo#
#..... ##.÷.÷..
##...÷..o
...÷... ##.....
#÷...


You could see 2 orc knights and an orc high priest (wandering, strong).

Vanquished Creatures
  Kirke (Lair:4)
  A fire dragon (Lair:6)
  A two-headed ogre (D:9)
  2 hydras
  Erica (D:8)
  8 death yaks
  2 orc high priests (Orc:2)
  An unseen horror (D:9)
  An ugly thing (D:11)
  2 lindwurms
  4 orc knights
  3 orc sorcerers (Orc:2)
  A cyclops (D:11)
  A manticore (Lair:3)
  6 black mambas
  4 elephants (Lair:3)
  Joseph (D:8)
  20 cane toads
  6 torpor snails
  6 rime drakes
  6 komodo dragons
  A jumping spider (Lair:4)
  A wind drake (Lair:3)
  3 polar bears
  6 trolls
  Grinder (D:6)
  10 blink frogs
  4 tyrant leeches (Lair:6)
  6 hornets (Lair:6)
  8 dream sheep (Lair:5)
  3 redbacks (Lair:4)
  Sigmund (D:2)
  2 wyverns
  40 yaks
  A fire elemental (Lair:6)
  3 basilisks
  Menkaure (D:7)
  2 wargs
  12 water moccasins
  18 orc warriors
  4 sky beasts
  3 ice beasts
  A black bear (Lair:3)
  8 ogres
  4 phantoms
  A necrophage (D:10)
  41 wolves
  11 centaurs
  A big kobold (D:11)
  13 bullfrogs
  3 scorpions
  A water moccasin skeleton (D:10)
  5 wights (D:10)
  4 howler monkeys
  2 electric eels (D:9)
  A bullfrog zombie (D:4)
  19 orc priests
  A bullfrog skeleton (D:9)
  9 hounds
  4 jellies
  4 iguanas
  33 orc wizards
  12 worker ants
  A hound zombie (D:6)
  3 hound skeletons
  A gnoll (D:3)
  15 adders
  A shadow imp (D:8)
  3 white imps
  3 ufetubi
  2 oozes (D:1)
  3 adder zombies
  3 adder skeletons
  3 worms
  2 dart slugs
  9 leopard geckos
  126 orcs
  4 giant cockroaches
  4 goblins
  4 hobgoblins
  24 jackals
  6 kobolds
  9 quokkas
  A ball python (D:4)
  4 bats
  3 frilled lizards
  A jackal skeleton (D:5)
  A leopard gecko skeleton (D:8)
  A quokka zombie (D:8)
  6 rats (D:3)
629 creatures vanquished.

Vanquished Creatures (others)
  An orc wizard (D:5)
  16 fungi
  25 plants
42 creatures vanquished.

Grand Total: 671 creatures vanquished

Notes
Turn   | Place    | Note
-------+----------+-------------------------------------------
     0 | D:1      | timneilson the Gargoyle Fighter began the quest for the
                  | Orb.
     0 | D:1      | Reached XP level 1. HP: 14/14 MP: 1/1
   122 | D:1      | Reached XP level 2. HP: 19/19 MP: 2/2
   660 | D:1      | Reached XP level 3. HP: 23/23 MP: 3/3
   985 | D:2      | Noticed a phantom
  1027 | D:2      | Killed a phantom
  1028 | D:2      | Reached XP level 4. HP: 27/29 MP: 4/4
  1028 | D:2      | Reached XP level 5. HP: 30/33 MP: 5/5
  1057 | D:2      | Found a faded altar of an unknown god.
  1058 | D:2      | Noticed Sigmund
  1070 | D:2      | Killed Sigmund
  1071 | D:2      | Reached XP level 6. HP: 19/38 MP: 6/6
  1618 | D:2      | Found a shadowy altar of Dithmenos.
  1707 | D:2      | Found a sparkling altar of Nemelex Xobeh.
  1709 | D:2      | Found an iron altar of Okawaru.
  1714 | D:2      | Became a worshipper of Warmaster Okawaru
  1791 | D:3      | Reached skill level 5 in Shields
  1908 | D:3      | Reached skill level 5 in Armour
  2130 | D:3      | Found a hide-covered altar of Uskayaw.
  2130 | D:3      | Noticed a +0 hand axe
  2131 | D:3      | Noticed a +0 dagger
  2833 | D:4      | Reached XP level 7. HP: 43/43 MP: 7/7
  2923 | D:4      | Reached skill level 1 in Invocations
  3001 | D:4      | Found a staircase to the Ecumenical Temple.
  3007 | D:4      | Reached skill level 1 in Evocations
  3216 | D:4      | Reached * piety under Okawaru
  3231 | D:4      | Found a basalt altar of Yredelemnul.
  3262 | D:4      | Found Sopsienn's Assorted Antiques.
  3514 | D:5      | Entered Level 5 of the Dungeon
  3580 | D:5      | Reached XP level 8. HP: 32/48 MP: 9/9
  4240 | D:5      | HP: 2/48 [orc priest/divine providence (12)]
  4625 | D:5      | Reached skill level 5 in Fighting
  5342 | D:5      | Reached skill level 5 in Long Blades
  5799 | D:6      | Reached ** piety under Okawaru
  5816 | D:6      | Found a sparkling altar of Nemelex Xobeh.
  6040 | D:6      | Found a stormy altar of Qazlal.
  6056 | D:6      | Noticed Grinder
  6069 | D:6      | Killed Grinder
  6070 | D:6      | Reached XP level 9. HP: 33/54 MP: 11/11
  6584 | D:6      | Found a blossoming altar of Fedhas.
  6621 | D:6      | Reached *** piety under Okawaru
  6697 | D:6      | Found a glowing golden altar of the Shining One.
  6734 | D:6      | Found a sparkling altar of Nemelex Xobeh.
  7000 | D:6      | Identified a scroll of acquirement
  7000 | D:6      | Acquired a manual of Dodging
  7143 | D:7      | Found Myit's Distillery.
  7191 | D:7      | Noticed Menkaure
  7212 | D:7      | Killed Menkaure
  7213 | D:7      | Reached skill level 1 in Dodging
  8095 | D:7      | Reached **** piety under Okawaru
  8096 | D:7      | Reached XP level 10. HP: 59/60 MP: 13/13
  8183 | D:8      | Found a broken altar of Ashenzari.
  8459 | D:8      | Noticed Joseph
  8488 | D:8      | Killed Joseph
  8531 | D:8      | Noticed Erica
  8551 | D:8      | Killed Erica
  8658 | D:8      | Found a snail-covered altar of Cheibriados.
  8745 | D:8      | Found a runed translucent door.
  8748 | D:8      | Found a burning altar of Makhleb.
  8748 | D:8      | Noticed a sixfirhy
  9105 | D:9      | Reached ***** piety under Okawaru
  9145 | D:9      | Found Zin's Purification Station.
  9152 | D:9      | Found a glowing silver altar of Zin.
  9441 | D:9      | Reached skill level 5 in Invocations
  9637 | D:9      | Noticed a two-headed ogre
  9655 | D:9      | Killed a two-headed ogre
  9655 | D:9      | Received a gift from Okawaru
  9656 | D:9      | Reached XP level 11. HP: 26/66 MP: 12/14
  9891 | D:9      | Found a staircase to the Lair.
 10140 | D:10     | Entered Level 10 of the Dungeon
 10195 | D:10     | Noticed an orc knight
 10416 | D:10     | Killed an orc knight
 10505 | D:9      | Killed an unseen horror
 10763 | D:10     | Found Gengutu's Antique Weapon Shop.
 10811 | D:10     | Identified the cursed +1 robe "Gomin" {Harm}
 10930 | D:10     | Found a roughly hewn altar of Beogh.
 11407 | D:11     | Found a staircase to the Orcish Mines.
 11456 | D:11     | Noticed a white ugly thing
 11470 | D:11     | Killed a white ugly thing
 11471 | D:11     | Reached skill level 10 in Shields
 11611 | D:11     | Reached skill level 5 in Evocations
 11875 | D:11     | Noticed a cyclops
 11882 | D:11     | Killed a cyclops
 11883 | D:11     | Reached skill level 10 in Armour
 11883 | D:11     | Reached skill level 5 in Dodging
 12296 | Lair:1   | Entered Level 1 of the Lair of Beasts
 12331 | Lair:1   | Reached ****** piety under Okawaru
 12336 | Lair:1   | Reached XP level 12. HP: 59/73 MP: 16/16
 12702 | Lair:1   | Received a gift from Okawaru
 13207 | Lair:1   | Noticed a six-headed hydra
 13214 | Lair:1   | Killed a two-headed hydra
 14408 | Lair:2   | Received a gift from Okawaru
 14486 | Lair:2   | Received a gift from Okawaru
 15196 | Lair:3   | Reached XP level 13. HP: 58/79 MP: 18/18
 15314 | Lair:3   | Found a staircase to the Shoals.
 15735 | Lair:3   | Found a shimmering blue altar of Sif Muna.
 16628 | Lair:4   | Found a hole to the Spider Nest.
 16637 | Lair:4   | Received a gift from Okawaru
 16638 | Lair:4   | Reached skill level 10 in Long Blades
 16649 | Lair:4   | Got a heavily runed hat {god gift}
 16829 | Lair:4   | Noticed Kirke
 16841 | Lair:4   | Killed Kirke
 17540 | Lair:4   | Identified the +1 hat "Hipeonga" {rElec Will+} (Okawaru
                  | gifted it to you on level 4 of the Lair of Beasts)
 18179 | Lair:5   | Found a staircase to the Slime Pits.
 18181 | Lair:5   | Found a viscous altar of Jiyva.
 18627 | Lair:5   | Gained mutation: Your large and strong wings let you fly
                  | indefinitely. [Gargoyle growth]
 18627 | Lair:5   | Reached XP level 14. HP: 80/86 MP: 17/20
 18977 | Lair:6   | Entered Level 6 of the Lair of Beasts
 19159 | Lair:6   | Received a gift from Okawaru
 20097 | Lair:6   | Found a runed translucent door.
 20168 | Lair:6   | Received a gift from Okawaru
 21263 | Orc:1    | Entered Level 1 of the Orcish Mines
 21387 | Orc:2    | Entered Level 2 of the Orcish Mines
 21688 | Orc:2    | Slain by an orc knight

Illustrated notes

Levels and vault maps discovered:
D:1:      dpeg_arrival_central, layout_loops_corners, serial_rivers,
          chequers_serial_rivers_small_b, chequers_serial_rivers_small_a,
          chequers_serial_rivers_room_b, chequers_serial_rivers_small_b,
          chequers_serial_rivers_micro_c, amcnicky_mini_rare_corridor_liquid
D:2:      layout_loops_ring, minitemple, chequers_ecumenical_altar_simple,
          uniq_sigmund
D:3:      layout_basic, dancing_weapons_uskayaw, cheibrodos_gnoll_hut
D:4:      layout_rooms, lemuel_doored_altar, minmay_temple_entry_grid,
          serial_shops, kennysheep_mini
D:5:      layout_layer_cave, serial_rivers, chequers_serial_rivers_micro_b,
          chequers_serial_rivers_micro_d, chequers_serial_rivers_micro_e,
          chequers_serial_rivers_small_3, chequers_serial_rivers_small_3
D:6:      layout_gridville, marbit_many_paths, lemuel_round_altar,
          fedhas_bush_and_centaur_altar, basic_altar, minmay_misc_feat_enclosed,
          nemelex_xobeh_ov_fountains_minmay, uniq_grinder
D:7:      layout_loops_cross, serial_shops, shop, uniq_menkaure
D:8:      layout_gridville, nzn_makhleb_speed_demon, slow_altar_1,
          ashenzari_altar_1, amethyst_killhole, uniq_joseph, uniq_erica
D:9:      layout_irregular_city, zin_purify, erik_lair_island
D:10:     layout_cave_pools, special_room [special_room_orc], serial_shops,
          kennysheep_mini_moat
D:11:     layout_cave_pods, hiddenorc2_lemuel
Lair:1:   statuecave_lemuel, layout_regular_city, chequers_serial_rivers_small_3
Lair:2:   layout_cave_pods, grunt_forest_large_clearings
Lair:3:   wander_river, layout_regular_city, minmay_shoals_entry_beasts,
          lemuel_centaur_altar
Lair:4:   layout_hall_layers, spider_nest_entry_a, uniq_kirke
Lair:5:   layout_regular_city, slime_altar_1, disabler_island,
          infiniplex_staircase_pool_2
Lair:6:   wormcave, layout_gridlike, serial_bayou_pond_b
Orc:1:    layout_diamond_mine, serial_shops, nicolae_shop_behind_doors,
          minmay_orc_keep, uniq_snorg
Orc:2:    grunt_orc_tribal_feast, layout_caves, elves_outpost_lemuel

Skill      XL: |  1  2  3  4  5  6  7  8  9 10 11 12 13 14 |
---------------+-------------------------------------------+-----
Long Blades    | 2 3 4 5 6 7 8 9 10 11 | 11.1
Armour         | 4 5 6 7 9 10 11 12 13 | 13.1
Shields        | 4 5 7 8 9 10 11 12 13 | 13.1
Fighting       | 4 5 6 7 8 9 |  9.9
Invocations    | 1 3 4 5 6 7 8 9 |  9.0
Evocations     | 1 2 3 4 5 6 7 |  7.4
Dodging        | 1 3 5 6 7 8 |  8.7

Action                   |  1- 3 |  4- 6 |  7- 9 | 10-12 | 13-15 || total
-------------------------+-------+-------+-------+-------+-------++-------
Melee: Long sword        |    50 |   134 |   674 |       |       ||   858
       Scimitar          |       |       |    28 |   729 |     7 ||   764
       Double sword      |       |       |       |   226 |   823 ||  1049
Invok: Heroism           |       |       |     1 |    12 |    19 ||    32
       Finesse           |       |       |       |       |     4 ||     4
  Use: Scroll            |     2 |     6 |     6 |    10 |     4 ||    28
       Potion            |     1 |       |     6 |     2 |     1 ||    10
Armor: Scale mail        |    25 |    69 |    24 |       |       ||   118
       Chain mail        |       |       |   422 |   483 |       ||   905
       Plate armour      |       |       |       |   213 |   347 ||   560
       Crystal plate arm |       |       |       |       |    92 ||    92
Dodge: Dodged            |    23 |    40 |   192 |   405 |   292 ||   952
Block: Kite shield       |    28 |    70 |   485 |   940 |   343 ||  1866
       Tower shield      |       |       |       |       |   572 ||   572
       Rpst.: Long sword |    10 |    11 |    46 |       |       ||    67
       Scimitar          |       |       |       |    72 |     2 ||    74
       Double sword      |       |       |       |    38 |    77 ||   115

Table legend: (Time is in decaauts)
 A = Elapsed time spent in this place.
 B = Non-inter-level travel time spent in this place.
 C = Inter-level travel time spent in this place.
 D = Time resting spent in this place.
 E = Time spent auto-exploring this place.
 F = Levels seen in this place.
 G = Mean time per level.
                   A        B        C        D        E       F      G
               +--------+--------+--------+--------+--------+-----+--------+
         Total |  21857 |  20967 |    890 |    768 |  15162 |  19 | 1150.4 |
       Dungeon |  12617 |  12057 |    560 |    296 |   8636 |  11 | 1147.0 |
          Lair |   8835 |   8525 |    310 |    472 |   6366 |   6 | 1472.5 |
  Orcish Mines |    404 |    384 |     20 |      0 |    160 |   2 |  202.0 |
               +--------+--------+--------+--------+--------+-----+--------+

Top non-repeatable levels by time:
     D:5: 2101 daAuts
  Lair:6: 2037 daAuts
  Lair:1: 1625 daAuts
     D:9: 1514 daAuts
  Lair:5: 1377 daAuts
     D:6: 1285 daAuts
  Lair:2: 1282 daAuts
  Lair:4: 1263 daAuts
  Lair:3: 1248 daAuts
     D:7: 1114 daAuts
    D:11: 1094 daAuts
     D:3: 1087 daAuts
     D:1: 968 daAuts
     D:4: 960 daAuts
     D:8: 905 daAuts
